 BcadrenCrawl: Boulder Brew version 0.05.21-81-gd28e3044bd (webtiles) character file.

Game seed: 15656480924812639382, levelgen mode: deterministic

3853 theanonym the Cruncher (level 9, -14/65 (66) HPs) Oozomorph Fighter. Began on Sept 5, 2021. Was a Believer of Okawaru. Demolished by a two-headed ogre ... wielding a cursed +3 giant club {(Curse: Fragile)} (18 damage) ... on level 5 of the Dungeon. The game lasted 00:20:18 (6796 turns).

theanonym the Cruncher (Oozomorph Fighter)          Turns: 6796, Time: 00:20:19

HP:   -14/65 (66)   AC: 33    Str: 20    XL:     9 ^: 23
MP:   0/11          EV: -24   Int:  9    God:    Okawaru [2* [73]]
Gold: 272           SH:  8    Dex: 12    Spells: 8/8 levels left

rFire    . . .     Vision   .   j - +4 morningstar
rCold    . . .     Gourm    .   c - +0 heater shield
rNeg     . . .     Faith    .   g - +0 plate armour
rCorr    + + +     Spirit   +   p - +0 chain mail
rPois    .         Reflect  .   o - +0 chain mail
rElec    .         Harm     .   (no armour)
MR       .....                  l - ring of slaying
Stlth    +.........             u - amulet of guardian spirit
HPRegen  0.31/turn              (no ring)
MPRegen  0.21/turn              (no ring)

@: studying Stealth, lightly drained
A: cytoplasmic subsumption, amorphous body, gelatinous body 1
a: Subsume Item, Eject Item, Heroism, Renounce Religion


Innate Abilities, Weirdness & Mutations

You may subsume any weapon, armour, or jewellery into your cytoplasm to benefit from its magical properties.
Your body is completely amorphous, allowing you to wear any combination of armour.
You have seven amorphous slots; replacing the normal gear slots.
Body armours and bardings take two slots, all other armours take one.
Your gelatinous form is immune to acid, constriction and sticky flames. (rCorr+, Slime)


   Skills:
 + Level 8.0(7.9) Fighting
 * Level 9.6 Maces & Staves
 + Level 6.7 Armour
 + Level 4.6 Shields
 + Level 3.8 Invocations


You had 8 spell levels left.
You didn't know any spells.
Your spell library contained the following spells:

 Spells                   Type           Power        Failure   Level  Hunger
 Passwall Tmut/Erth 0 (120) 100% 2 80-120 Swiftness Chrm/Air 0 (100) 100% 2 80-120 Passage of Golubria Tloc N/A 100% 4 200-300 Lee's Rapid Deconstruct Erth 0 (200) 100% 5 320-480 Methodical Deconstructi Erth 0 (200) 100% 5 320-480 Darkness Hex 0 (200) 100% 6 440-660 Invisibility Chrm           0 (100)      100%        6    440-660

Skill      XL: |  1  2  3  4  5  6  7  8  9 |
---------------+----------------------------+-----
Armour         | 3 4 5 6 |  6.7
Maces & Staves | 3 4 5 6 8 9 |  9.6
Fighting       | 4 5 6 7 8 |  8.0
Invocations    | 2 3 |  3.8
Shields        | 4 |  4.6

Action                   |  1- 3 |  4- 6 |  7- 9 || total
-------------------------+-------+-------+-------++-------
Melee: Morningstar       |   123 |   357 |   693 ||  1173
 Abil: Subsume Item      |       |       |     3 ||     3
       Eject Item        |       |       |     1 ||     1
Evoke: Wand              |       |       |     3 ||     3
  Use: Scroll            |       |     2 |       ||     2
       Potion            |       |     1 |       ||     1
  Eat: Chunk             |       |     4 |    12 ||    16
       Ration            |       |       |     2 ||     2
Armor: Skin              |   127 |   517 |   679 ||  1323
Block: Heater shield     |    53 |   220 |   278 ||   551

Inventory:

Weapons
 a - a +0 morningstar of freezing
 j - a +4 morningstar (weapon) Shields
 c - a +0 heater shield (shield)
Armour
 g - a +0 plate armour (worn)
 o - a +0 chain mail (worn)
 p - a +0 chain mail (worn)
 D - a +2 pair of gloves of insulation
Jewellery
 l - a ring of slaying (subsumed)
 m - a cursed ring of fire {(Curse: *Corrode), rF++ rC-}
 u - an amulet of guardian spirit (around neck)
 z - an uncursed ring of wizardry
Wands
 b - a wand of scattershot
 s - a wand of enslavement (11)
 w - a wand of flame (2)
Scrolls
 d - 3 scrolls of summoning
 f - a scroll of fog
 t - 2 scrolls of teleportation
 y - a scroll of magic mapping
 B - a scroll of blinking
 E - a scroll of immolation
 F - a scroll of fear
Potions
 h - 2 potions of haste
 i - 2 potions of ambrosia
 k - a potion of cancellation
 n - a potion of amnesia
 q - a potion of heal wounds
 r - a potion of curing
 v - a potion of invisibility
 x - 2 potions of cure mutation
Miscellaneous
 C - a lantern of shadows
Comestibles
 e - 21 rations
 A - 8 chunks of flesh


You were on level 5 of the Dungeon.
You worshipped Okawaru.
Okawaru was pleased with you.
You were not hungry.

You visited 1 branch of the dungeon, and saw 5 of its levels.

You collected 272 gold pieces.

Dungeon Overview and Level Annotations

Branches:
Dungeon (5/8)              Temple (0/1) D:4
   Lair: D:5

Altars:
Ashenzari
Dithmenos
Fedhas Madash
Makhleb
Okawaru
Sif Muna
Trog
Uskayaw
Zin
The Shining One

Shops:
D:2

=
>........+.......#
.........##.#...##
#.......###......#
##.....## ######.#
##...## #.# #+##
#.# #.# #.# #@#
#O# #.# #.#
#.########.#
...........#
############


You could see a two-headed ogre.

Notes
Turn   | Place    | Note
-------+----------+-------------------------------------------
     0 | D:1      | theanonym the Oozomorph Fighter began the quest for the
                  | Orb.
     0 | D:1      | Reached XP level 1. HP: 16/16 MP: 1/1
   118 | D:1      | Reached XP level 2. HP: 18/21 MP: 2/2
   208 | D:1      | Reached skill level 3 in Armour
   220 | D:1      | Reached XP level 3. HP: 27/27 MP: 3/3
   221 | D:1      | Reached skill level 3 in Maces & Staves
   518 | D:1      | Reached XP level 4. HP: 33/33 MP: 4/4
   674 | D:1      | Reached skill level 4 in Fighting
   882 | D:2      | Noticed a big kobold
   884 | D:2      | Noticed a bullfrog
   912 | D:1      | HP: 15/33 [bullfrog (5)]
   914 | D:1      | Killed a bullfrog
   914 | D:1      | Reached skill level 4 in Maces & Staves
   914 | D:1      | Reached XP level 5. HP: 17/37 MP: 5/5
  1356 | D:2      | Reached XP level 6. HP: 41/44 MP: 6/6
  1391 | D:2      | HP: 22/44 [sewer rat (1)]
  1399 | D:2      | HP: 22/44 [sewer rat (1)]
  1404 | D:2      | HP: 9/44 [sewer rat (4)]
  1614 | D:2      | Reached skill level 5 in Maces & Staves
  1614 | D:2      | Reached skill level 4 in Armour
  1666 | D:2      | Reached skill level 5 in Fighting
  1706 | D:2      | Reached XP level 7. HP: 42/50 MP: 7/7
  1915 | D:2      | Reached skill level 6 in Maces & Staves
  1992 | D:2      | HP: 24/50 [sewer rat (4)]
  2000 | D:2      | HP: 25/50 [sewer rat (1)]
  2005 | D:2      | HP: 20/50 [sewer rat (1)]
  2019 | D:2      | HP: 24/50 [cinder newt (1)]
  2024 | D:2      | HP: 21/50 [sewer rat (2)]
  2041 | D:2      | HP: 20/50 [sewer rat (4)]
  2320 | D:2      | Reached skill level 6 in Fighting
  2321 | D:2      | Reached skill level 5 in Armour
  2326 | D:2      | Reached XP level 8. HP: 57/57 MP: 8/8
  2371 | D:2      | Reached skill level 7 in Maces & Staves
  2592 | D:2      | Noticed Terence
  2599 | D:2      | Killed Terence
  3145 | D:2      | Found Pishrour's Jewellery Emporium.
  3360 | D:3      | Found a glowing golden altar of the Shining One.
  3372 | D:3      | Found a shadowy altar of Dithmenos.
  3372 | D:3      | Found a shattered altar of Ashenzari.
  3372 | D:3      | Found a blossoming altar of Fedhas.
  3372 | D:3      | Found an iron altar of Okawaru.
  3372 | D:3      | Found a hide-covered altar of Uskayaw.
  3374 | D:3      | Found a bloodstained altar of Trog.
  3380 | D:3      | HP: 15/58 [ogre/+0 giant club (18)]
  3389 | D:3      | Became a worshipper of Warmaster Okawaru
  3394 | D:3      | HP: 17/58 [jackal (2)]
  3405 | D:3      | HP: 20/58 [orc/+0 flail (1)]
  3640 | D:3      | Reached skill level 1 in Invocations
  3700 | D:3      | Reached skill level 8 in Maces & Staves
  3871 | D:3      | HP: 27/58 [gnoll/+0 halberd (12)]
  3872 | D:3      | HP: 11/58 [gnoll/+0 halberd (16)]
  3897 | D:3      | HP: 15/58 [gnoll/+0 halberd of chopping (3)]
  4132 | D:3      | Reached skill level 7 in Fighting
  4137 | D:3      | Reached * piety under Okawaru
  4218 | D:3      | Received a gift from Okawaru
  4220 | D:3      | Reached skill level 2 in Invocations
  4231 | D:3      | Reached XP level 9. HP: 64/64 MP: 10/10
  4338 | D:3      | Found a burning altar of Makhleb.
  4338 | D:3      | Found a glowing silver altar of Zin.
  4339 | D:3      | Noticed an angel
  4339 | D:3      | Noticed a blizzard demon
  4406 | D:3      | Reached skill level 6 in Armour
  5130 | D:4      | HP: 32/64 [wight/cursed +3 halberd of freezing {(Curse:
                  | *Rage)} (2)]
  5154 | D:3      | Reached ** piety under Okawaru
  5208 | D:3      | HP: 30/64 [gnoll/+0 halberd of chopping (8)]
  5388 | D:4      | Reached skill level 9 in Maces & Staves
  5388 | D:4      | Reached skill level 3 in Invocations
  5525 | D:3      | Reached skill level 4 in Shields
  5686 | D:4      | HP: 32/64 [wight/cursed +3 halberd of freezing {(Curse:
                  | *Rage)} (5)]
  5691 | D:4      | HP: 29/64 [orc/+0 war axe (2)]
  6003 | D:4      | Found a staircase to the Ecumenical Temple.
  6224 | D:5      | Entered Level 5 of the Dungeon
  6228 | D:5      | Received a gift from Okawaru
  6247 | D:5      | Found a burning altar of Makhleb.
  6250 | D:5      | Identified the cursed ring of the First Nights {rC+++ MR-
                  | EV+5 +Vis Stlth+, (Curse: Fragile)}
  6270 | D:5      | HP: 29/65 [hell rat (5)]
  6277 | D:5      | HP: 32/65 [poisoned by an orc wizard (sting)]
  6282 | D:5      | HP: 30/65 [poisoned by an orc wizard (sting)]
  6289 | D:5      | HP: 31/65 [poisoned by an orc wizard (sting)]
  6297 | D:5      | HP: 31/65 [poisoned by an orc wizard (sting)]
  6437 | D:5      | Noticed Blork the orc
  6443 | D:5      | Found a shimmering blue altar of Sif Muna.
  6456 | D:5      | Killed Blork the orc
  6579 | D:5      | HP: 29/65 [steam dragon/ball of steam (8)]
  6583 | D:5      | Reached skill level 8 in Fighting
  6780 | D:5      | Noticed a two-headed ogre
  6787 | D:5      | HP: 29/65 [two-headed ogre/cursed +3 giant club {(Curse:
                  | Fragile)} (7)]
  6795 | D:5      | HP: 22/65 [two-headed ogre/cursed +3 giant club {(Curse:
                  | Fragile)} (10)]
  6796 | D:5      | HP: 4/65 [two-headed ogre/cursed +3 giant club {(Curse:
                  | Fragile)} (18)]
  6796 | D:5      | Demolished by a two-headed ogre

Vanquished Creatures
  A steam dragon (D:5)
  A yak (D:3)
  A necrophage (D:4)
  2 scorpions
  An orc warrior (D:3)
  2 porcupines
  A sky beast (D:4)
  An ice beast (D:4)
  An ogre (D:3)
  2 crocodiles (D:2)
  3 big kobolds (D:2)
  Blork the orc (D:5)
  5 bullfrogs
  5 howler monkeys
  A quasit (D:3)
  4 wights (D:4)
  A crimson imp (D:4)
  6 orc priests
  3 hounds
  6 jellies
  Terence (D:2)
  A hell rat (D:5)
  2 iguanas (D:3)
  5 orc wizards
  3 worker ants
  15 giant cockroaches
  3 bullfrog zombies (D:4)
  A bullfrog skeleton (D:4)
  5 adders
  4 gnolls (D:3)
  36 sewer rats (D:2)
  6 cinder newts
  6 worms (D:2)
  4 oozes
  A worker ant zombie (D:5)
  3 dart slugs
  2 leopard geckos (D:3)
  18 orcs
  4 ball pythons
  4 bats (D:1)
  3 hobgoblins (D:1)
  6 jackals (D:3)
  6 kobolds
  2 quokkas
  A bat skeleton (D:2)
  5 goblins (D:1)
  A hobgoblin skeleton (D:2)
  A leopard gecko skeleton (D:2)
  A quokka skeleton (D:3)
  4 rats (D:1)
  2 giant blowflies (D:2)
204 creatures vanquished.

Vanquished Creatures (collateral kills)
  A cinder newt (D:2)
1 creature vanquished.

Vanquished Creatures (others)
  4 kobolds (D:2)
  A leopard gecko skeleton (D:2)
  2 giant blowflies (D:2)
  6 slimeheads (D:2)
  166 withered plants (D:2)
179 creatures vanquished.

Grand Total: 384 creatures vanquished

Table legend:
 A = Turns spent in this place as a percentage of turns spent in the entire game.
 B = Non-inter-level travel turns spent in this place as a percentage of non-inter-level travel turns spent in the entire game.
 C = Inter-level travel turns spent in this place as a percentage of turns spent in this place.
 D = Turns resting spent in this place as a percentage of non-inter-level travel turns spent in this place.
 E = Turns spent auto-exploring this place as a percentage of non-inter-level travel turns spent in this place.
 F = Non-inter-level travel turns spent in this place divided by the number of levels of this place that you've seen.
                   A       B       C       D       E      F
               +-------+-------+-------+-------+-------+----------------------
         Total | 100.0 | 100.0 |   4.7 |  21.7 |  47.1 | 1295.6
       Dungeon | 100.0 | 100.0 |   4.7 |  21.7 |  47.1 | 1295.6
               +-------+-------+-------+-------+-------+----------------------
